TOP OF THE 1ST |
Burlington Senators batting - Pitching for Salem Rebels : LHP John Roesch
|
Pitching: LHP John Roesch
|
|
Batting: RHB Raymond Bresnahan
|
0-0: Foul Ball, location: 2F 0-1: Foul Ball, location: 2F 0-2: Strikes out looking
|
Batting: RHB Richard Hertel
|
0-0: Swinging Strike 0-1: Foul Ball, location: 2F 0-2: Strikes out swinging
|
Batting: RHB Rick Schu
|
0-0: Foul Ball, location: 2F 0-1: Foul Ball, location: 2F 0-2: Foul Ball, location: 2F 0-2: Ball 1-2: Ball 2-2: Ball 3-2: Foul Ball, location: 2F 3-2: Fly out, F9 (Flyball, 9, EV 86.9 MPH)
|
Top of the 1st over - 0 runs, 0 hits, 0 errors, 0 left on base; Burlington 0 - Salem 0 |
BOTTOM OF THE 1ST |
Salem Rebels batting - Pitching for Burlington Senators : RHP Chuck Fore
|
Pitching: RHP Chuck Fore
|
|
Batting: RHB Gary Leslie
|
0-0: Ball 1-0: Called Strike 1-1: Fly out, F8 (Flyball, 89M, EV 94.4 MPH)
|
Batting: RHB Daniel Szajko
|
0-0: Called Strike 0-1: Ball 1-1: Ball 2-1: Ball 3-1: Called Strike 3-2: Base on Balls
|
Batting: LHB Thomas Krupa
|
0-0: Ball Balk! Daniel Szajko to second 1-0: SINGLE (Line Drive, 7S, EV 105.0 MPH) Daniel Szajko to third Runner from 3rd tries for Home, SAFE, throw by LF to home
|
Batting: RHB Jorge Monroig
|
0-0: Called Strike 0-1: Ball 1-1: Foul Ball, location: 2F 1-2: Ball 2-2: SINGLE (Line Drive, 56D, EV 100.6 MPH) Thomas Krupa to second
|
Batting: RHB Robert O'Connor
|
0-0: Called Strike 0-1: Swinging Strike 0-2: Ball 1-2: Ball 2-2: Foul Ball, location: 2F 2-2: Strikes out swinging
|
Batting: RHB Melvin Williams
|
0-0: Ball 1-0: Called Strike 1-1: Ball 2-1: Ball 3-1: Foul Ball, location: 2F 3-2: Fly out, F8 (Flyball, 8RD, EV 94.4 MPH)
|
Bottom of the 1st over - 1 run, 2 hits, 0 errors, 2 left on base; Burlington 0 - Salem 1 |
TOP OF THE 2ND |
Burlington Senators batting - Pitching for Salem Rebels : LHP John Roesch
|
Batting: RHB Steve Lombardozzi
|
0-0: Ball 1-0: Fly out, F8 (Flyball, 8RS, EV 90.6 MPH)
|
Batting: RHB Joseph Lorenz
|
0-0: Called Strike 0-1: Fly out, F3 (Popup, 23F, EV 89.4 MPH)
|
Batting: LHB Daniel Spain
|
0-0: Fly out, F3 (Line Drive, 3, EV 68.1 MPH)
|
Top of the 2nd over - 0 runs, 0 hits, 0 errors, 0 left on base; Burlington 0 - Salem 1 |
BOTTOM OF THE 2ND |
Salem Rebels batting - Pitching for Burlington Senators : RHP Chuck Fore
|
Batting: SHB Kelvin Hudson
|
0-0: Swinging Strike 0-1: Called Strike 0-2: Strikes out swinging
|
Batting: RHB David Smith
|
0-0: Ball 1-0: Swinging Strike 1-1: SINGLE (Flyball, 7S, EV 86.9 MPH)
|
Batting: RHB Mark Krynitsky
|
0-0: Called Strike 0-1: Ball 1-1: Ball David Smith steals 2nd base 2-1: Swinging Strike 2-2: SINGLE (Groundball, 56D, EV 110.0 MPH) David Smith to third Runner from 3rd tries for Home, SAFE, throw by LF to home Mark Krynitsky to second
|
Batting: RHB Gary Leslie
|
0-0: Ball 1-0: Ball 2-0: Called Strike 2-1: Foul Ball, location: 2F 2-2: Foul Ball, location: 2F 2-2: Ground out 4-3 (Groundball, 4, EV 106.9 MPH) Mark Krynitsky to third
|
Batting: RHB Daniel Szajko
|
0-0: SINGLE (Groundball, 4M, EV 109.4 MPH) (infield hit) Mark Krynitsky scores
|
Batting: LHB Thomas Krupa
|
0-0: Called Strike Daniel Szajko steals 2nd base 0-1: Called Strike 0-2: Strikes out swinging
|
Bottom of the 2nd over - 2 runs, 3 hits, 0 errors, 1 left on base; Burlington 0 - Salem 3 |
TOP OF THE 3RD |
Burlington Senators batting - Pitching for Salem Rebels : LHP John Roesch
|
Batting: RHB Glenn Millhauser
|
0-0: Called Strike 0-1: Ball 1-1: Ball 2-1: Foul Ball, location: 2F 2-2: Strikes out swinging
|
Batting: LHB Jesus Sandoval
|
0-0: Ball 1-0: Called Strike 1-1: Ball 2-1: Ball 3-1: Ground out U3 (Groundball, 34, EV 105.0 MPH)
|
Batting: RHB Brad Bauman
|
0-0: Called Strike 0-1: Ball 1-1: Foul Ball, location: 2F 1-2: Ball 2-2: Ball 3-2: SINGLE (Line Drive, 3D, EV 106.9 MPH)
|
Batting: RHB Raymond Bresnahan
|
0-0: Called Strike 0-1: Ball 1-1: Fly out, F9 (Flyball, 9S, EV 97.5 MPH)
|
Top of the 3rd over - 0 runs, 1 hit, 0 errors, 1 left on base; Burlington 0 - Salem 3 |
BOTTOM OF THE 3RD |
Salem Rebels batting - Pitching for Burlington Senators : RHP Chuck Fore
|
Batting: RHB Jorge Monroig
|
0-0: Called Strike 0-1: Called Strike 0-2: Strikes out swinging
|
Batting: RHB Robert O'Connor
|
0-0: Foul Ball, location: 2F 0-1: Ball 1-1: Foul Ball, location: 2F 1-2: Strikes out swinging
|
Batting: RHB Melvin Williams
|
0-0: Ball 1-0: Ball 2-0: Called Strike 2-1: Fly out, F8 (Flyball, 8LXD, EV 87.5 MPH)
|
Bottom of the 3rd over - 0 runs, 0 hits, 0 errors, 0 left on base; Burlington 0 - Salem 3 |
TOP OF THE 4TH |
Burlington Senators batting - Pitching for Salem Rebels : LHP John Roesch
|
Batting: RHB Richard Hertel
|
0-0: Ball 1-0: Ball 2-0: Called Strike 2-1: Swinging Strike 2-2: Ball 3-2: Strikes out swinging
|
Batting: RHB Rick Schu
|
0-0: Ball 1-0: Ball 2-0: Called Strike 2-1: Swinging Strike 2-2: Fly out, F7 (Flyball, 78M, EV 80.0 MPH)
|
Batting: RHB Steve Lombardozzi
|
0-0: Called Strike 0-1: Ball 1-1: SOLO HOME RUN (Flyball, 78XD, EV 88.8 MPH), Distance : 428 ft
|
Batting: RHB Joseph Lorenz
|
0-0: Ball 1-0: Ball 2-0: Ball 3-0: Called Strike 3-1: Ground out 3-1 (Groundball, 34, EV 85.6 MPH)
|
Top of the 4th over - 1 run, 1 hit, 0 errors, 0 left on base; Burlington 1 - Salem 3 |
BOTTOM OF THE 4TH |
Salem Rebels batting - Pitching for Burlington Senators : RHP Chuck Fore
|
Batting: SHB Kelvin Hudson
|
0-0: SINGLE (Flyball, 9LS, EV 88.1 MPH)
|
Batting: RHB David Smith
|
0-0: Ball 1-0: Called Strike 1-1: Called Strike 1-2: Foul Ball, location: 2F 1-2: Ball 2-2: Fielders Choice at 2nd, 6-4 (Groundball, 6, EV 95.6 MPH)
|
Batting: RHB Mark Krynitsky
|
0-0: Ball 1-0: Grounds into double play, 6-4-3 (Groundball, 6M, EV 101.9 MPH)
|
Bottom of the 4th over - 0 runs, 1 hit, 0 errors, 0 left on base; Burlington 1 - Salem 3 |
TOP OF THE 5TH |
Burlington Senators batting - Pitching for Salem Rebels : LHP John Roesch
|
Batting: LHB Daniel Spain
|
0-0: Foul Ball, location: 2F 0-1: Ball 1-1: Foul Ball, location: 2F 1-2: Strikes out looking
|
Batting: RHB Glenn Millhauser
|
0-0: Foul Ball, location: 2F 0-1: Fly out, F7 (Flyball, 7S, EV 71.3 MPH)
|
Batting: LHB Jesus Sandoval
|
0-0: Ball 1-0: Ball 2-0: Ball 3-0: Base on Balls
|
Batting: RHB Brad Bauman
|
0-0: Called Strike 0-1: Ball 1-1: Swinging Strike 1-2: Ball 2-2: Ball 3-2: Strikes out swinging, 2-3 out at first.
|
Top of the 5th over - 0 runs, 0 hits, 0 errors, 1 left on base; Burlington 1 - Salem 3 |
BOTTOM OF THE 5TH |
Salem Rebels batting - Pitching for Burlington Senators : RHP Chuck Fore
|
Batting: RHB Gary Leslie
|
0-0: Ball 1-0: Foul Ball, location: 2F 1-1: Swinging Strike 1-2: Foul Ball, location: 2F 1-2: Strikes out swinging
|
Batting: RHB Daniel Szajko
|
0-0: Foul Ball, location: 2F 0-1: Foul Ball, location: 2F 0-2: Ball 1-2: Ball 2-2: Ground out 4-3 (Groundball, 4, EV 85.6 MPH)
|
Batting: LHB Thomas Krupa
|
0-0: Ball 1-0: Ground out 6-3 (Groundball, 6M, EV 100.6 MPH)
|
Bottom of the 5th over - 0 runs, 0 hits, 0 errors, 0 left on base; Burlington 1 - Salem 3 |
TOP OF THE 6TH |
Burlington Senators batting - Pitching for Salem Rebels : LHP John Roesch
|
Batting: RHB Raymond Bresnahan
|
0-0: Ball 1-0: Foul Ball, location: 2F 1-1: Foul Ball, location: 2F 1-2: Strikes out looking
|
Batting: RHB Richard Hertel
|
0-0: Foul Ball, location: 2F 0-1: Ball 1-1: Called Strike 1-2: Strikes out looking
|
Batting: RHB Rick Schu
|
0-0: Called Strike 0-1: Swinging Strike 0-2: SINGLE (Line Drive, 78S, EV 106.9 MPH)
|
Batting: RHB Steve Lombardozzi
|
0-0: Ball Rick Schu is caught stealing 2nd base 2-4
|
Top of the 6th over - 0 runs, 1 hit, 0 errors, 0 left on base; Burlington 1 - Salem 3 |
BOTTOM OF THE 6TH |
Salem Rebels batting - Pitching for Burlington Senators : RHP Chuck Fore
|
Batting: RHB Jorge Monroig
|
0-0: Ball 1-0: Fly out, F7 (Flyball, 78S, EV 91.9 MPH)
|
Batting: RHB Robert O'Connor
|
0-0: Foul Ball, location: 2F 0-1: Ground out 6-3 (Groundball, 6, EV 80.6 MPH)
|
Batting: RHB Melvin Williams
|
0-0: Called Strike 0-1: Ball 1-1: Ball 2-1: Called Strike 2-2: SINGLE (Groundball, 6M, EV 111.3 MPH) (infield hit)
|
Batting: SHB Kelvin Hudson
|
0-0: Ball Wild Pitch! Melvin Williams to second 1-0: 2-RUN HOME RUN (Flyball, 89XD, EV 95.0 MPH), Distance : 403 ft
|
Batting: RHB David Smith
|
0-0: Swinging Strike 0-1: Foul Ball, location: 2F 0-2: Ball 1-2: DOUBLE (Line Drive, 9LM, EV 108.1 MPH)
|
Batting: RHB Mark Krynitsky
|
0-0: Ball 1-0: Called Strike 1-1: Ball 2-1: Swinging Strike 2-2: Ball Wild Pitch! David Smith to third 3-2: Strikes out swinging
|
Bottom of the 6th over - 2 runs, 3 hits, 0 errors, 1 left on base; Burlington 1 - Salem 5 |
TOP OF THE 7TH |
Burlington Senators batting - Pitching for Salem Rebels : LHP John Roesch
|
Batting: RHB Steve Lombardozzi
|
0-0: Called Strike 0-1: Foul Ball, location: 2F 0-2: Ball 1-2: Ball 2-2: Ball 3-2: Ground out 4-3 (Groundball, 34, EV 83.8 MPH)
|
Batting: RHB Joseph Lorenz
|
0-0: Ball 1-0: Ball 2-0: Called Strike 2-1: Ground out 6-3 (Groundball, 56, EV 101.3 MPH)
|
Batting: LHB Daniel Spain
|
0-0: Foul Ball, location: 2F 0-1: Ball 1-1: Ball 2-1: Fly out, F9 (Flyball, 9, EV 93.1 MPH)
|
Top of the 7th over - 0 runs, 0 hits, 0 errors, 0 left on base; Burlington 1 - Salem 5 |
BOTTOM OF THE 7TH |
Salem Rebels batting - Pitching for Burlington Senators : RHP Chuck Fore
|
Batting: RHB Gary Leslie
|
0-0: Ball 1-0: Called Strike 1-1: Ball 2-1: Foul Ball, location: 2F 2-2: Ball 3-2: Base on Balls
|
Batting: RHB Daniel Szajko
|
0-0: Ball 1-0: Bunted foul 1-1: Bunt missed! 1-2: Ball 2-2: Foul Ball, location: 2F 2-2: Ball Gary Leslie steals 2nd base (no throw) 3-2: Base on Balls
|
Batting: LHB Thomas Krupa
|
0-0: Foul Ball, location: 2F 0-1: Fly out, F7 (Flyball, 7, EV 98.1 MPH)
|
Batting: RHB Jorge Monroig
|
0-0: Ball 1-0: Called Strike 1-1: Ball 2-1: Swinging Strike 2-2: Fielders Choice at 2nd, 2-6 (Groundball, 13S, EV 64.4 MPH) Gary Leslie to third
|
Batting: RHB Robert O'Connor
|
0-0: Called Strike 0-1: Swinging Strike 0-2: Strikes out looking
|
Bottom of the 7th over - 0 runs, 0 hits, 0 errors, 2 left on base; Burlington 1 - Salem 5 |
TOP OF THE 8TH |
Burlington Senators batting - Pitching for Salem Rebels : LHP John Roesch
|
Batting: RHB Glenn Millhauser
|
0-0: Called Strike 0-1: Swinging Strike 0-2: Strikes out swinging
|
Batting: LHB Jesus Sandoval
|
0-0: Ball 1-0: Swinging Strike 1-1: Ball 2-1: Ball 3-1: Base on Balls
|
Batting: RHB Brad Bauman
|
0-0: Ball 1-0: Ball 2-0: Ball 3-0: Called Strike 3-1: Called Strike 3-2: SINGLE (Groundball, 6D, EV 95.6 MPH) Jesus Sandoval to second Jesus Sandoval to third
|
Batting: RHB Raymond Bresnahan
|
0-0: Ball 1-0: Swinging Strike 1-1: Called Strike 1-2: Ball 2-2: Ball 3-2: Strikes out swinging
|
Batting: RHB Richard Hertel
|
0-0: Called Strike 0-1: Called Strike 0-2: Ground out 6-3 (Groundball, 6MD, EV 103.1 MPH)
|
Top of the 8th over - 0 runs, 1 hit, 0 errors, 2 left on base; Burlington 1 - Salem 5 |
BOTTOM OF THE 8TH |
Salem Rebels batting - Pitching for Burlington Senators : RHP Chuck Fore
|
Batting: RHB Melvin Williams
|
0-0: Ball 1-0: Fly out, F9 (Flyball, 89M, EV 83.8 MPH)
|
Batting: SHB Kelvin Hudson
|
0-0: Ball 1-0: SINGLE (Groundball, 56S, EV 67.5 MPH) (infield hit)
|
Batting: RHB David Smith
|
0-0: Called Strike 0-1: Foul Ball, location: 2F 0-2: Strikes out looking
|
Batting: RHB Mark Krynitsky
|
0-0: Called Strike Kelvin Hudson steals 2nd base 0-1: Ball 1-1: Foul Ball, location: 2F 1-2: Ball 2-2: Fly out, F6 (Flyball, 6D, EV 94.4 MPH)
|
Bottom of the 8th over - 0 runs, 1 hit, 0 errors, 1 left on base; Burlington 1 - Salem 5 |
TOP OF THE 9TH |
Burlington Senators batting - Pitching for Salem Rebels : LHP John Roesch
|
Pitching: RHP Timothy Justus
|
|
Batting: RHB Rick Schu
|
0-0: Called Strike 0-1: Ball 1-1: Swinging Strike 1-2: Ball 2-2: Ball 3-2: Foul Ball, location: 2F 3-2: DOUBLE (Line Drive, 9LS, EV 103.8 MPH)
|
Batting: RHB Steve Lombardozzi
|
0-0: Fly out, F9 (Flyball, 9D, EV 93.1 MPH) Runner from 2nd tags up, SAFE at 3rd, no throw by RF
|
Batting: RHB Joseph Lorenz
|
0-0: Called Strike 0-1: Called Strike 0-2: Ball 1-2: Strikes out swinging
|
Batting: LHB Daniel Spain
|
0-0: Called Strike 0-1: Ball 1-1: Ball 2-1: Foul Ball, location: 2F 2-2: SINGLE (Line Drive, 6D, EV 102.5 MPH) Rick Schu scores
|
Batting: RHB Glenn Millhauser
|
0-0: Called Strike 0-1: Hit by Pitch Daniel Spain to second
|
Batting: LHB Jesus Sandoval
|
0-0: Ball 1-0: Ball 2-0: Called Strike 2-1: Ball 3-1: Base on Balls Daniel Spain to third Glenn Millhauser to second
|
Pinch Hitting: RHB Richard Hatcher
|
0-0: Swinging Strike 0-1: Swinging Strike 0-2: Ball 1-2: Ball 2-2: Foul Ball, location: 2F 2-2: Foul Ball, location: 2F 2-2: Foul Ball, location: 2F 2-2: Strikes out swinging
|
Top of the 9th over - 1 run, 2 hits, 0 errors, 3 left on base; Burlington 2 - Salem 5 |
|